 Dungeon Crawl Stone Soup version 0.31-a0-188-g5e087ee2ca (webtiles) character file.

Game seed: 573485738925583636

657 qw the Skirmisher (level 7, -2/40 HPs)
             Began as a Deep Elf Hunter on June 23, 2023.
             Slain by a gnoll
             ... wielding a +0 halberd
             ... led by a gnoll bouda
              (4 damage)
             ... on level 5 of the Dungeon.
             The game lasted 00:01:37 (4258 turns).

qw the Skirmisher (Deep Elf Hunter)                 Turns: 4258, Time: 00:01:37

Health: -2/40      AC:  9    Str: 10    XL:     7   Next: 29%
Magic:  9/9        EV: 11    Int: 14    God:
Gold:   124        SH:  0    Dex: 18    Spells: 6/6 levels left

rFire   . . .        Y - +1 shortbow
rCold   + . .        (shield currently unavailable)
rNeg    . . .        d - +1 ring mail
rPois   .            i - +0 helmet
rElec   .            (no cloak)
rCorr   .            h - +1 pair of gloves
SInv    .            (no boots)
Will    .....        (no amulet)
Stlth   +            j - ring of protection from cold
HPRegen 0.26/turn    (no ring)
MPRegen 0.11/turn

%: no passive effects
@: about to teleport
A: no striking features
a: no special abilities


You were on level 5 of the Dungeon.
You visited 1 branch of the dungeon, and saw 5 of its levels.
You also visited: Sewer.

You collected 304 gold pieces.
You spent 180 gold pieces at shops.


   Skills:
 - Level 2.5 Fighting
 + Level 10.7 Ranged Weapons
 - Level 1.3 Armour
 - Level 3.1 Dodging
 - Level 1.2 Stealth


You had 6 spell levels left.
You didn't know any spells.
Your spell library was empty.

Inventory:

Hand Weapons
 Y - a +1 shortbow (weapon)
Armour
 d - a +1 ring mail (worn)
 h - a +1 pair of gloves (worn)
 i - a +0 helmet (worn)
Jewellery
 j - a ring of protection from cold (left hand)
Scrolls
 e - a scroll of identify
 m - a scroll of amnesia {unknown}
Potions
 b - a potion of heal wounds
 c - a potion of resistance {unknown}
 f - a potion of curing
 g - 2 potions of enlightenment
 k - a potion of brilliance {unknown}
 l - a potion of cancellation {unknown}
 n - a potion of might {unknown}

Dungeon Overview and Level Annotations

Branches:
Dungeon (5/15)              Sewer (visited)
 Temple: D:4-7

Altars:
Cheibriados
Fedhas
Ru
Wu Jian
The Shining One

Shops:
D:3 *   D:4 ((!   D:5 *


Message History

The gnoll bouda barely misses you.
You shoot an arrow. The arrow hits the gnoll!
You kill the gnoll!
The gnoll is no longer moving quickly.
The gnoll hits you from afar with a +0 halberd!
The gnoll bouda barks out a call to the hunt!
The gnoll picks up the pace!
You shoot an arrow.
The arrow closely misses the gnoll bouda.
The gnoll closely misses you. The gnoll bouda barely misses you.
You shoot an arrow. The arrow hits the gnoll bouda.
The gnoll bouda is almost dead.
The gnoll barely misses you. The gnoll bouda misses you.
You shoot an arrow.
The arrow barely misses the gnoll bouda.
The gnoll hits you but does no damage.
The gnoll bouda hits you but does no damage.
You shoot an arrow.
The arrow hits the gnoll bouda but does no damage.
The gnoll bouda is almost dead.
The gnoll barely misses you.
You shoot an arrow.
The arrow hits the gnoll bouda but does no damage.
The gnoll bouda is almost dead.
The gnoll bouda hits you with a +0 whip.
The gnoll hits you from afar with a +0 halberd!
You shoot an arrow. The arrow hits the gnoll bouda.
You kill the gnoll bouda!
The gnoll barely misses you.
You shoot an arrow. The arrow barely misses the gnoll.
Your attacks no longer feel as feeble.
The gnoll hits you but does no damage.
You shoot an arrow.
The arrow hits the gnoll but does no damage.
The gnoll hits you from afar with a +0 halberd!
4258 ||| READING scroll of teleportation.
As you read the scroll of teleportation, it crumbles to dust.
You feel strangely unstable.
The gnoll hits you from afar with a +0 halberd.
You die...

## .#
#########.####
............g
##........[####
.......?g......
...####)#
#......)@# #.
#......(.# .
#.....##.# .
###..... #.#.#
.......###.#.##
#.......\....#
#......\\\...#
#.....#.\.##.#
#........## .#


You could see a gnoll (swift).

Vanquished Creatures
  2 bullfrogs (Sewer)
  2 scorpions (D:4)
  A howler monkey (D:3)
  A hound (D:4)
  A gnoll bouda (D:5)
  Terence (D:3)
  An orc wizard (D:4)
  5 gnolls
  10 adders
  3 worms
  A dart slug (D:2)
  2 orcs
  15 ball pythons
  8 endoplasms
  6 giant cockroaches
  11 goblins
  7 hobgoblins
  2 jackals (D:4)
  4 quokkas
  5 bats
  11 frilled lizards
  14 kobolds
  5 rats
118 creatures vanquished.

Notes
Turn   | Place    | Note
-------+----------+-------------------------------------------
     0 | D:1      | qw the Deep Elf Hunter began the quest for the Orb.
     0 | D:1      | Reached XP level 1. HP: 12/12 MP: 3/3
     0 | D:1      | 0 ||| qw: Version: 0.3-a-9-g12657ce
     0 | D:1      | 0 ||| qw: Game counter: 4043
     0 | D:1      | 0 ||| qw: Always use a shield: true
     0 | D:1      | 0 ||| qw: God list: Okawaru
     0 | D:1      | 0 ||| qw: Allow faded altars: false
     0 | D:1      | 0 ||| qw: Do Orc after D:15 true
     0 | D:1      | 0 ||| qw: Do second Lair branch before Depths: true
     0 | D:1      | 0 ||| qw: Lair rune preference: random
     0 | D:1      | 0 ||| qw: Plans: Normal
     0 | D:1      | 0 ||| PLANNING D:1-11
   147 | D:1      | 147 ||| DROPPING +2 sling of freezing.
   171 | D:1      | Reached skill level 6 in Ranged Weapons
   171 | D:1      | Reached XP level 2. HP: 16/16 MP: 4/4
   654 | D:1      | 654 ||| UPGRADING to +0 ring mail.
   664 | D:1      | 664 ||| DROPPING +0 leather armour.
   665 | D:1      | 665 ||| READING scroll labelled YMNAYT DATSIE.
   666 | D:1      | 666 ||| READING scroll labelled VITEAC WEU.
   671 | D:1      | 671 ||| DROPPING scroll of butterflies.
   771 | D:2      | Reached XP level 3. HP: 20/20 MP: 5/5
   930 | D:2      | You fall into a shaft and drop 1 floor!
   931 | D:3      | 931 ||| PLANNING SEWER
   992 | D:3      | Reached skill level 7 in Ranged Weapons
  1056 | D:3      | Found an ornate altar of the Wu Jian Council.
  1110 | D:3      | Found a blossoming altar of Fedhas.
  1207 | D:3      | Found Hitzem's General Store.
  1220 | D:3      | 1220 ||| SHOPLISTING amulet of faith (480 gold, have 118).
  1220 | D:3      | 1220 ||| BUYING scroll of enchant armour (90 gold).
  1220 | D:3      | Bought a scroll of enchant armour for 90 gold pieces
  1220 | D:3      | 1220 ||| BUYING scroll of identify (24 gold).
  1220 | D:3      | Bought a scroll of identify for 24 gold pieces
  1220 | D:3      | 1220 ||| READING scroll of enchant armour.
  1220 | D:3      | 1220 ||| ENCHANTING +0 ring mail.
  1223 | D:3      | 1223 ||| UPGRADING to +0 pair of gloves.
  1228 | D:3      | 1228 ||| READING scroll labelled NEUDGH FYB IRYSS.
  1229 | D:3      | 1229 ||| READING scroll labelled UBOTSY ZISS.
  1230 | D:3      | 1230 ||| READING 2 scrolls of identify.
  1230 | D:3      | 1230 ||| IDENTIFYING bubbling golden potion
  1240 | D:3      | Found a faded altar of an unknown god.
  1261 | D:3      | Found a glowing drain.
  1279 | Sewer    | Entered a sewer
  1288 | Sewer    | 1288 ||| Stepping ~*~*~tactically~*~*~ (water).
  1293 | Sewer    | 1293 ||| Stepping ~*~*~tactically~*~*~ (water).
  1306 | Sewer    | 1306 ||| Stepping ~*~*~tactically~*~*~ (water).
  1329 | Sewer    | Reached XP level 4. HP: 25/25 MP: 6/6
  1368 | Sewer    | 1368 ||| Stepping ~*~*~tactically~*~*~ (water).
  1372 | Sewer    | Reached skill level 8 in Ranged Weapons
  1502 | Sewer    | Noticed a bullfrog
  1503 | Sewer    | 1503 ||| Stepping ~*~*~tactically~*~*~ (water).
  1512 | Sewer    | Killed a bullfrog
  1513 | Sewer    | Reached skill level 9 in Ranged Weapons
  1513 | Sewer    | Reached XP level 5. HP: 24/29 MP: 7/7
  1520 | Sewer    | 1520 ||| FLEEEEING.
  1825 | Sewer    | 1825 ||| READING scroll labelled VADEIN NUPPEQE.
  1826 | Sewer    | 1826 ||| DRINKING 2 purple potions.
  1846 | D:3      | 1846 ||| PLANNING D:1-11
  1927 | D:2      | Reached XP level 6. HP: 36/36 MP: 8/8
  2010 | D:2      | 2010 ||| READING scroll of enchant armour.
  2010 | D:2      | 2010 ||| ENCHANTING +0 pair of gloves.
  2489 | D:2      | 2489 ||| READING 2 scrolls of identify.
  2489 | D:2      | 2489 ||| IDENTIFYING cyan potion
  2563 | D:3      | Noticed Terence
  2580 | D:3      | Killed Terence
  3040 | D:4      | Found Ceuduf's Weapon Boutique.
  3040 | D:4      | Found Offene's Antique Weapon Boutique.
  3040 | D:4      | Found Lawyune's Distillery.
  3042 | D:4      | 3042 ||| SHOPLISTING +1 shortbow "Hinih" {elec, rC+ rN+
                  | Int+3 SInv} (576 gold, have 84).
  3042 | D:4      | 3042 ||| Stepping randomly (stuck).
  3121 | D:4      | Reached skill level 10 in Ranged Weapons
  3216 | D:4      | Found a sacrificial altar of Ru.
  3269 | D:4      | Reached skill level 3 in Dodging
  3423 | D:4      | Found a glowing golden altar of the Shining One.
  3647 | D:4      | Reached skill level 1 in Armour
  3647 | D:4      | Reached XP level 7. HP: 31/40 MP: 9/9
  3690 | D:4      | Found a snail-covered altar of Cheibriados.
  3969 | D:4      | 3969 ||| UPGRADING to ring of protection from cold.
  3970 | D:4      | 3970 ||| READING scroll labelled NUCOCY ENUONISEZO.
  4040 | D:4      | 4040 ||| DRINKING 2 white potions.
  4089 | D:4      | 4089 ||| DRINKING 2 glowing green potions.
  4090 | D:4      | 4090 ||| DRINKING 2 potions of curing.
  4090 | D:4      | 4090 ||| (to cure confusion)
  4091 | D:4      | 4091 ||| DROPPING potion of lignification.
  4092 | D:4      | 4092 ||| DROPPING potion of ambrosia.
  4121 | D:5      | Entered Level 5 of the Dungeon
  4130 | D:5      | 4130 ||| STAIRDANCE
  4198 | D:5      | 4198 ||| UPGRADING to +0 helmet.
  4204 | D:5      | Found Ziweon's Assorted Antiques.
  4205 | D:5      | 4205 ||| FLEEEEING.
  4208 | D:5      | 4208 ||| FLEEEEING.
  4209 | D:5      | 4209 ||| FLEEEEING.
  4210 | D:5      | 4210 ||| FLEEEEING.
  4211 | D:5      | 4211 ||| STAIRDANCE
  4227 | D:5      | 4227 ||| BUYING bubbling grey potion (16 gold).
  4227 | D:5      | Bought a bubbling grey potion for 16 gold pieces
  4227 | D:5      | 4227 ||| BUYING metallic clear potion (16 gold).
  4227 | D:5      | Bought a metallic clear potion for 16 gold pieces
  4227 | D:5      | 4227 ||| BUYING scroll labelled QORIOJ PIPP (18 gold).
  4227 | D:5      | Bought a scroll labelled QORIOJ PIPP for 18 gold pieces
  4227 | D:5      | 4227 ||| BUYING silvery potion (16 gold).
  4227 | D:5      | Bought a silvery potion for 16 gold pieces
  4234 | D:5      | 4234 ||| Stepping ~*~*~tactically~*~*~ (outnumbered).
  4257 | D:5      | HP: 2/40 [gnoll/+0 halberd[a gnoll bouda] (10)]
  4258 | D:5      | 4258 ||| READING scroll of teleportation.
  4258 | D:5      | Slain by a gnoll

Levels and vault maps discovered:
D:1:      kennysheep_arrival_seaside, layout_loops_ring, nicolae_titane
D:2:      layout_basic
D:3:      layout_basic, mainiacjoe_overflow_catwalk, fedhas_altar_4,
          ebering_ecumenical_altar_mist, cheibrodos_sewer_entry_drain,
          serial_shops, nicolae_shop_hallway_plus, uniq_terence
D:4:      layout_basic, marbit_many_paths, nicolae_ru_great_annihilating_truth,
          nicolae_overflow_crystal_walls, nicolae_shop_distant_corner_stores,
          minmay_cupped
D:5:      layout_loops_ring, nicolae_vehumet_altar_sigil,
          mainiacjoe_overflow_alcove_4, serial_shops, shop,
          nicolae_shop_behind_doors, nicolae_shop_dealshenge,
          minmay_misc_feat_diagonals

Skill      XL: |  1  2  3  4  5  6 |
---------------+-------------------+-----
Ranged Weapons | 6 7 9 10 | 10.7
Fighting       | 2 |  2.5
Dodging        | 3 |  3.1
Armour         | 1 |  1.3
Stealth        | |  1.2

Action                     |  1- 3 |  4- 6 |  7- 9 || total
---------------------------+-------+-------+-------++-------
   Fire: Shortbow          |   123 |   212 |    51 ||   386
    Use: Scroll            |     6 |     3 |     2 ||    11
         Potion            |       |     1 |     3 ||     4
 Armour: Leather armour    |     1 |       |       ||     1
         Ring mail         |    12 |    41 |    10 ||    63
  Dodge: Dodged            |    31 |    65 |    22 ||   118

Table legend:
 A = Non-vault XP
 B = Vault XP
 C = Vault XP percentage of total XP
 D = Non-vault monster count
 E = Vault monster count
 F = Vault count percentage of total count
                 A         B        C        D         E       F
            +---------+---------+-------+---------+---------+-------
      Total |     551 |     388 |  41.3 |      76 |      42 |  35.6
            +---------+---------+-------+---------+---------+-------
        D:1 |      32 |       0 |   0.0 |      21 |       0 |   0.0
        D:2 |     102 |       0 |   0.0 |      21 |       0 |   0.0
        D:3 |      96 |      43 |  30.9 |      18 |       4 |  18.2
        D:4 |     249 |      60 |  19.4 |      12 |       8 |  40.0
        D:5 |      72 |       0 |   0.0 |       4 |       0 |   0.0
      Sewer |       0 |     285 | 100.0 |       0 |      30 | 100.0
            +---------+---------+-------+---------+---------+-------
